 Dungeon Crawl Stone Soup version 0.31.0-12-g77e489cdc1 (webtiles) character file.

Game seed: 4644198890210476729

564624 JaaP the Conqueror (level 26, 0/266 HPs)
             Began as a Hill Orc Monk on Feb 17, 2024.
             Was the Champion of the Shining One.
             Constricted to death by a spectral nagaraja (5 damage)
             ... on level 6 of Tartarus on Feb 18, 2024.
             The game lasted 03:15:01 (58892 turns).

JaaP the Conqueror (Hill Orc Monk)                 Turns: 58892, Time: 03:15:02

Health: 0/266      AC: 35    Str: 37    XL:     26   Next: 76%
Magic:  36/37      EV:  7    Int: 17    God:    the Shining One [******]
Gold:   7272       SH: 31    Dex: 15    Spells: 25/25 levels left

rFire   x . .        R - +9 broad axe (holy)
rCold   + + .        g - +4 tower shield
rNeg    + + +        c - +2 crystal plate armour {rC+}
rPois   .            H - +0 hat of Responsibility {rC+ Will+ Int+3 Dex+3}
rElec   +            u - scarf {repulsion}
rCorr   .            E - +2 pair of gloves {Str+3}
SInv    .            J - +0 pair of boots of the Dice {Str+3 Dex+2}
Will    ++...        K - amulet "Ijetes" {Reflect Will+ SH+5 Stlth+} Stlth
                     L - ring "Doats" {rElec rF- rN+ Will++ Dex-2}
HPRegen 1.44/turn    A - ring of Dihinnad {+Blink Str+6}
MPRegen 0.25/turn

%: repel missiles, reflection
@: lethally poisoned (0 -> -31), slowed, glowing, constricted, studying Stealth,
weak-willed, very slow
A: clever 1, regeneration 1
}: 3/15 runes: decaying, silver, gossamer
a: Renounce Religion, Evoke Blink, Divine Shield, Cleansing Flame, Summon Divine
Warrior


You were on level 6 of Tartarus.
You worshipped the Shining One.
The Shining One was exalted by your worship.
You visited 11 branches of the dungeon, and saw 49 of its levels.
You also visited: Sewer, Bailey, Gauntlet, Ice Cave and Desolation.

You collected 8384 gold pieces.
You spent 1112 gold pieces at shops.

Inventory:

Hand Weapons
 v - a +5 morningstar of freezing
 R - a +9 broad axe of holy wrath (weapon)
Missiles
 o - 5 silver javelins
 G - 12 curare-tipped darts
 V - 22 javelins (quivered)
Armour
 b - +0 fire dragon scales
 c - a +2 crystal plate armour of cold resistance (worn)
 g - a +4 tower shield (worn)
 u - a scarf of repulsion (worn)
 E - a +2 pair of gloves of strength (worn)
 H - the +0 hat of Responsibility (worn) {rC+ Will+ Int+3 Dex+3}
   (You found it on level 4 of the Spider Nest)

   Int+3:     It affects your intelligence (+3).
   Dex+3:     It affects your dexterity (+3).
   rC+:       It protects you from cold.
   Will+:     It increases your willpower.
 J - the +0 pair of boots of the Dice (worn) {Str+3 Dex+2}
   (You found it in a Gauntlet)

   Str+3:     It affects your strength (+3).
   Dex+2:     It affects your dexterity (+2).
 P - a +1 kite shield of fire resistance
Jewellery
 l - the amulet "Hiuff" {rF+ Regen+ Stlth+}
   (You found it in the Desolation of Salt)

   [amulet of regeneration]

   rF+:       It protects you from fire.
   Regen+:    It increases your rate of health regeneration.
   Stlth+:    It makes you more stealthy.
 x - a ring of flight
 A - the ring of Dihinnad (right hand) {+Blink Str+6}
   (You found it in the Desolation of Salt)

   [ring of strength]

   Str+6:     It affects your strength (+6).
   +Blink:    It lets you blink.
 C - a ring of protection from cold
 K - the amulet "Ijetes" (around neck) {Reflect Will+ SH+5 Stlth+}
   (You found it on level 12 of the Dungeon)

   [amulet of reflection]

   Reflect:   It reflects blocked missile attacks.
   Will+:     It increases your willpower.
   SH+5:      It affects your SH (+5).
   Stlth+:    It makes you more stealthy.
 L - the ring "Doats" (left hand) {rElec rF- rN+ Will++ Dex-2}
   (You found it in the Desolation of Salt)

   [ring of positive energy]

   Dex-2:     It affects your dexterity (-2).
   rF-:       It makes you vulnerable to fire.
   rElec:     It insulates you from electricity.
   rN+:       It protects you from negative energy.
   Will++:    It greatly increases your willpower.
 N - a +5 ring of evasion
 T - a ring of poison resistance
 X - a ring of fire
Wands
 f - a wand of iceblast (54)
 j - a wand of quicksilver (24)
 m - a wand of digging (23)
 w - a wand of paralysis (57)
 B - a wand of flame (120)
 W - a wand of mindburst (78)
Scrolls
 e - 23 scrolls of teleportation
 i - 7 scrolls of blinking
 q - 9 scrolls of brand weapon
 s - 10 scrolls of fog
 y - 5 scrolls of summoning
 z - a scroll of silence
 F - 2 scrolls of revelation
 I - 8 scrolls of immolation
 Q - 5 scrolls of fear
Potions
 d - 8 potions of cancellation
 p - 10 potions of haste
 r - 14 potions of enlightenment
 t - 7 potions of mutation
 D - 2 potions of resistance
 O - 3 potions of might
 S - 9 potions of lignification
 U - 15 potions of heal wounds
 Z - 10 potions of curing
Miscellaneous
 a - a condenser vane
 h - a sack of spiders
 n - a phial of floods
 M - a phantom mirror
 Y - a lightning rod (4/4)


   Skills:
 O Level 27 Fighting
 + Level 23.8(24.6) Axes
 - Level 9.9(16.3) Maces & Flails
 * Level 11.5 Throwing
 + Level 21.7 Armour
 + Level 4.6 Dodging
 - Level 5.0 Stealth
 + Level 20.2 Shields
 + Level 20.5 Invocations
 + Level 13.8 Evocations


You had 25 spell levels left.
You didn't know any spells.
Your spell library contained the following spells:

 Spells                   Type           Power      Damage    Failure   Level
 Apportation              Tloc           0%         N/A       88%         1
 Foxfire                  Conj/Fire      0%         2x1d4     88%         1
 Freeze                   Ice            0%         1d3       88%         1
 Magic Dart               Conj           0%         1d3       88%         1
 Sandblast                Erth           0%         2d4       88%         1
 Sting                    Conj/Alch      0%         1d3       88%         1
 Summon Small Mammal      Summ           0%         N/A       88%         1
 Call Imp                 Summ           0%         N/A       96%         2
 Jinxbite                 Hex            0%         N/A       96%         2
 Mercury Vapours          Alch/Air       0%         N/A       96%         2
 Momentum Strike          Conj/Tloc      0%         3d8       96%         2
 Scorch                   Fire           0%         2d5       96%         2
 Searing Ray              Conj           0%         2d4       96%         2
 Static Discharge         Conj/Air       0%         3-3/arc   96%         2
 Sublimation of Blood     Necr           0%         N/A       96%         2
 Call Canine Familiar     Summ           0%         N/A       99%         3
 Dazzling Flash           Conj/Hex       0%         N/A       99%         3
 Frozen Ramparts          Ice            0%         1d1       99%         3
 Fugue of the Fallen      Necr           0%         N/A       99%         3
 Gell's Gravitas          Tloc           0%         N/A       99%         3
 Hailstorm                Conj/Ice       0%         3d5       99%         3
 Inner Flame              Hex/Fire       0%         N/A       99%         3
 Mephitic Cloud           Conj/Alch/Air  0%         N/A       99%         3
 Ozocubu's Armour         Ice            0%         N/A       99%         3
 Sigil of Binding         Hex            0%         N/A       99%         3
 Stone Arrow              Conj/Erth      0%         3d7       99%         3
 Summon Ice Beast         Ice/Summ       0%         N/A       99%         3
 Teleport Other           Tloc           0%         N/A       99%         3
 Tukima's Dance           Hex            0%         N/A       99%         3
 Airstrike                Air            0%         2d(0-16)  100%        4
 Animate Armour           Summ/Erth      0%         N/A       100%        4
 Brom's Barrelling Bould  Conj/Erth      0%         2d3       100%        4
 Dimensional Bullseye     Hex/Tloc       0%         N/A       100%        4
 Flame Wave               Conj/Fire      0%         2d4       100%        4
 Fulminant Prism          Conj/Alch      0%         3d5       100%        4
 Leda's Liquefaction      Alch/Erth      0%         N/A       100%        4
 Manifold Assault         Tloc           0%         N/A       100%        4
 Olgreb's Toxic Radiance  Alch           0%         N/A       100%        4
 Passage of Golubria      Tloc           0%         N/A       100%        4
 Petrify                  Alch/Erth      0%         N/A       100%        4
 Sticky Flame             Fire/Alch      0%         2d4       100%        4
 Summon Blazeheart Golem  Fire/Summ      0%         N/A       100%        4
 Summon Lightning Spire   Summ/Air       0%         N/A       100%        4
 Alistair's Intoxication  Alch           0%         N/A       100%        5
 Borgnjor's Vile Clutch   Necr/Erth      0%         N/A       100%        5
 Fireball                 Conj/Fire      0%         3d3       100%        5
 Freezing Cloud           Conj/Ice/Air   0%         6-21      100%        5
 Irradiate                Conj/Alch      0%         3d11      100%        5
 Iskenderun's Battlesphe  Conj           0%         2d6       100%        5
 Lee's Rapid Deconstruct  Erth           0%         3d4*      100%        5
 Metabolic Englaciation   Hex/Ice        0%         N/A       100%        5
 Silence                  Hex/Air        0%         N/A       100%        5
 Summon Mana Viper        Hex/Summ       0%         N/A       100%        5
 Yara's Violent Unravell  Hex/Alch       0%         3d3       100%        5
 Bombard                  Conj/Erth      0%         9d1       100%        6
 Conjure Ball Lightning   Conj/Air       0%         3x3d6     100%        6
 Dispersal                Tloc           0%         N/A       100%        6
 Eringya's Noxious Bog    Alch           0%         4d6       100%        6
 Plasma Beam              Fire/Air       0%         2x1d10    100%        6
 Sculpt Simulacrum        Ice/Alch       0%         N/A       100%        6
 Starburst                Conj/Fire      0%         6d3       100%        6
 Summon Cactus Giant      Summ           0%         N/A       100%        6
 Enfeeble                 Hex            0%         N/A       100%        7
 Monstrous Menagerie      Summ           0%         N/A       100%        7
 Orb of Destruction       Conj           0%         9d5       100%        7
 Ozocubu's Refrigeration  Ice            0%         4d7       100%        7
 Spellforged Servitor     Conj/Summ      0%         N/A       100%        7
 Summon Hydra             Summ           0%         N/A       100%        7
 Discord                  Hex            0%         N/A       100%        8
 Ignition                 Fire           0%         3d3       100%        8
 Lehudib's Crystal Spear  Conj/Erth      0%         10d2      100%        8
 Polar Vortex             Ice            0%         N/A       100%        9


Dungeon Overview and Level Annotations

Branches:
Dungeon (15/15)            Temple (1/1) D:7            Lair (5/5) D:8
  Swamp (4/4) Lair:2       Spider (4/4) Lair:3        Slime (0/5) Lair:5
    Orc (2/2) D:11            Elf (3/3) Orc:2        Vaults (5/5) D:13
  Crypt (0/3) Vaults:2     Depths (3/4) D:15           Hell (visited)
    Dis (0/7) Hell            Geh (0/7) Hell            Coc (0/7) Hell
    Tar (6/7) Hell          Sewer (visited)          Bailey (visited)
  IceCv (visited)         Desolation (visited)      Gauntlet (visited)

Altars:
Ashenzari
Cheibriados
Dithmenos
Elyvilon
Fedhas
Gozag
Hepliaklqana
Kikubaaqudgha
Makhleb
Nemelex Xobeh
Okawaru
Qazlal
Ru
Sif Muna
Trog
Uskayaw
Vehumet
Wu Jian
Xom
Yredelemnul
Zin
The Shining One
Beogh
Jiyva

Shops:
D:9 *   Orc:2 ==:?   Vaults:1 *   Vaults:3 ?   Vaults:5 !   Depths:1 *
Depths:2 ?

Portals:
Hell: Depths:1 Depths:2 Depths:3
Abyss: Depths:2 Depths:3
Pandemonium: Depths:1 Depths:2


Innate Abilities, Weirdness & Mutations

Your mind is acute. (Int +4, Str/Dex -1)
Your natural rate of healing is unusually fast.


Message History

You block the putrid mouth's attack. x2; You block the tormentor's attack. x2
The spectral nagaraja misses you. The spectral nagaraja grabs you.
The spectral nagaraja constricts you.
* * * LOW HITPOINT WARNING * * *
The putrid mouth throws miasma at you. The foul vapour engulfs you.
You are more poisoned.
* * * LOW HITPOINT WARNING * * *
Unknown command.
Blink to where?
Press: ? - help, Dir - move target The spectral nagaraja's grasp on you weakens, but your attempt to escape fails.
As you read the scroll of blinking, it crumbles to dust.
You are engulfed in dark miasma.
You are more poisoned.
* * * LOW HITPOINT WARNING * * *
x2 You feel extremely sick.
The tormentor screams, "You will die horribly!"
The tormentor calls on the powers of darkness!
Your body is wracked with pain!
* * * LOW HITPOINT WARNING * * *
The spectral nagaraja hits you but does no damage.
The spectral nagaraja constricts you. You block the tormentor's attack.
The tormentor barely misses you. You block the putrid mouth's attack. x2
You block the spectral nagaraja's attack.
The spectral nagaraja constricts you.
You feel much better.
You are engulfed in dark miasma.
You are lethally poisoned!
You feel as though you will be slow longer.
* * * LOW HITPOINT WARNING * * *
x2 You feel extremely sick.
The tormentor calls on the powers of darkness!
Your body is wracked with pain!
* * * LOW HITPOINT WARNING * * *
You block the putrid mouth's attack. x2
The tormentor calls on the powers of darkness!
You feel a surge of unholy energy.
You block the spectral nagaraja's attack.
The spectral nagaraja constricts you.
You die...

######## ...#..
.... ##..####
##
#####...#..#..#
#..#.#..#.#...#
#..#..#°Z°.#
#.....#°@W.#
#...###°2°.#
##....#...°# .
##....#....#..
#....#.......
####
#..........#.
#..#
#..........###
###..#
#.............
..#..#
#..#......#..


You could see a putrid mouth (catching breath), a spectral nagaraja and a
tormentor.

Vanquished Creatures
  A dread lich (Vaults:1)
  2 ancient liches (Vaults:5)
  Mara (Vaults:4)
  A golden dragon (Vaults:5)
  3 profane servitors
  A Tzitzimitl (Tar:6)
  9 bone dragons
  4 tentacled monstrosities
  5 doom hounds
  An Ice Fiend (IceCv)
  Zenata (Vaults:4)
  2 spectral shard shrikes
  Mlioglotl (Swamp:4)
  6 tainted leviathans
  2 liches
  9 titans
  The ghost of JaaP the Slayer, an adept HOMo of the Shining One (Spider:2)
  6 searing wretches (Hell)
  2 deep elf blademasters
  A deep elf master archer (Elf:3)
  2 quicksilver dragons
  4 sphinxes
  An ancient champion (Hell)
  3 thorn hunters
  4 storm dragons
  3 tengu reavers
  Roxanne (Spider:1)
  8 shadow dragons
  The ghost of Goblin1989 the Hermetic, an adept DsAl of Vehumet (Swamp:3)
  6 fire giants
  7 frost giants
  2 spectral juggernauts
  Louise (Spider:1)
  A balrug (Depths:1)
  2 iron dragons (Vaults:5)
  3 ghost moths
  2 imperial myrmidons (Desolation)
  A cacodemon (Hell)
  12 vault wardens
  5 deep elf sorcerers (Elf:3)
  2 deep elf elementalists (Elf:3)
  4 spectral caustic shrikes
  2 emperor scorpions
  3 reapers
  14 ironbound preservers
  5 formless jellyfish
  17 stone giants
  3 ghouls (Swamp:2)
  5 broodmothers
  22 very ugly things
  10 ironbound thunderhulks
  10 vampire knights
  2 eleionomae
  5 putrid mouths
  7 deep elf demonologists
  4 dire elephants
  9 deep elf death magi
  The ghost of Tacit the Basher, a journeyman GrMo of Gozag (Spider:1)
  8 deep elf annihilators
  2 spectral titans
  2 lorocyprocas
  5 bunyips
  6 spark wasps
  A minotaur (Gauntlet)
  2 war gargoyles
  3 crystal guardians
  4 eidola
  A green death (Depths:2)
  3 fire dragons
  9 spectral spriggans
  2 spectral quicksilver dragons
  9 ettins
  3 shambling mangroves (Swamp:4)
  A merfolk impaler (Depths:2)
  2 jiangshi (Depths:2)
  2 iron golems (Hell)
  11 ragged hierophants (Desolation)
  A spectral golden dragon (Tar:3)
  13 servants of whispers (Desolation)
  3 entropy weavers
  33 vault guards
  7 deep elf high priests
  9 great orbs of eyes
  4 ogre magi
  7 ice dragons
  24 hydras
  7 yaktaur captains
  A two-headed ogre (shapeshifter) (Vaults:5)
  9 peacekeepers
  7 rakshasas (Depths:3)
  2 spriggan air magi
  2 catoblepae
  3 radroaches
  2 ghost crabs
  11 centaur warriors
  10 ironbound frosthearts
  13 two-headed ogres
  4 alligators
  3 spectral stone giants
  3 deep troll earth magi
  3 jorogumos
  6 deep troll shamans
  10 boulder beetles
  2 occultists
  5 tengu warriors
  18 death yaks
  8 demonic crawlers
  21 dancing weapons
  3 spectral nagas
  A vampire mage (Depths:2)
  15 deep elf knights
  5 spriggan berserkers
  A spectral dire elephant (Tar:1)
  3 sun demons
  A titan zombie (Vaults:3)
  15 spriggans
  An orc high priest (Orc:2)
  4 soul eaters
  10 hell knights
  A fire crab (shapeshifter) (Vaults:5)
  5 iron trolls
  A spectral bunyip (Tar:1)
  A golden dragon zombie (Hell)
  8 skeletal warriors
  3 pharaoh ants
  Amaemon (Lair:1)
  A sixfirhy (Gauntlet)
  A spark wasp zombie (Hell)
  3 skysharks
  47 deep trolls
  A sun moth (Spider:2)
  7 shadow wraiths
  6 swamp dragons
  2 flayed ghosts
  3 spectral anacondas (Tar:3)
  6 goliath frogs
  4 arcanists
  4 spriggan druids
  6 spriggan simulacra (IceCv)
  6 orb spiders
  12 lindwurms
  15 necromancers
  7 bog bodies
  9 deep elf archers
  3 glowing orange brains
  28 ironbound convokers
  2 death drakes
  2 shadow dragon zombies (Vaults:4)
  10 phantasmal warriors
  27 deep elf zephyrmancers
  6 harpies
  An anaconda skeleton (Hell)
  A golden dragon skeleton (Depths:2)
  An obsidian statue (IceCv)
  6 orc knights
  Pikel (D:8)
  6 steelbarb worms
  2 tengu zombies
  2 alligator zombies (Hell)
  26 wolf spiders
  An ugly thing (shapeshifter) (Depths:2)
  An oklob plant (Lair:3)
  6 will-o-the-wisps
  An orc sorcerer (Orc:2)
  3 frost giant zombies
  A spectral ettin (Tar:6)
  50 ugly things
  20 deep elf pyromancers
  A salamander (D:15)
  6 manticores
  2 spectral centaurs
  4 moths of wrath
  3 human zombies
  A stone giant zombie (Hell)
  2 alligator skeletons (Hell)
  10 cyclopes
  A worldbinder (Gauntlet)
  A fire giant zombie (Vaults:3)
  A meliai (shapeshifter) (Elf:3)
  A frost giant skeleton (Vaults:3)
  21 elephants
  A human skeleton (Vaults:4)
  A rust devil (Hell)
  19 vault sentinels
  3 molten gargoyles (Desolation)
  Joseph (Lair:1)
  2 guardian serpents (Desolation)
  A stone giant skeleton (Depths:2)
  6 black mambas
  A smoke demon (Depths:1)
  A black mamba (shapeshifter) (Depths:2)
  5 gargoyles
  3 large abominations (Depths:3)
  27 cane toads
  9 torpor snails
  9 hellions
  3 orange demons
  6 freezing wraiths
  26 yaktaurs
  3 kobold demonologists (D:11)
  7 unseen horrors
  13 komodo dragons
  An efreet (D:12)
  3 rime drakes
  8 tormentors
  4 tengu conjurers
  An anaconda simulacrum (IceCv)
  A golden dragon simulacrum (IceCv)
  13 ice devils
  A sea snake skeleton (Hell)
  3 silent spectres
  A red devil (Hell)
  A troll (shapeshifter) (Elf:3)
  A hydra zombie (Hell)
  3 spectral harpies
  10 tyrant leeches
  Grinder (D:4)
  2 burning bushes (Lair:2)
  A bloated husk (Swamp:1)
  A hellwing (Gauntlet)
  20 hornets
  5 polar bears
  2 alligator simulacra (IceCv)
  11 trolls
  74 saltlings (Desolation)
  20 tarantellas
  20 blink frogs
  A glass eye (Depths:2)
  5 dream sheep (Lair:4)
  20 jumping spiders
  24 culicivoras
  41 slime creatures
  7 shadows
  2 air elementals (Elf:3)
  2 wraiths (D:12)
  4 wyverns
  2 ynoxinuls (D:11)
  15 water elementals
  2 elf skeletons (Vaults:4)
  3 basilisks
  63 yaks
  4 wargs
  4 vampires
  A fire elemental (Elf:1)
  29 redbacks
  3 steam dragons
  Grum (D:8)
  5 chaos spawn (Depths:3)
  27 vampire mosquitoes
  9 minotaur simulacra (IceCv)
  4 acid dragons
  18 swamp worms
  18 water moccasins
  6 hell hounds (Hell)
  4 swamp drakes (Swamp:4)
  25 orc warriors
  3 ice beasts
  5 black bears
  3 ettin simulacra (IceCv)
  4 small abominations (Depths:3)
  23 ogres
  14 boggarts
  2 lemures (D:8)
  7 centaurs (D:13)
  3 wolves
  2 phantoms
  2 kobold brigands
  A brain worm (Sewer)
  20 bullfrogs
  A necrophage (Swamp:2)
  3 gnoll sergeants
  9 deep troll simulacra (IceCv)
  An earth elemental (Elf:3)
  4 scorpions
  10 wights
  A lindwurm simulacrum (IceCv)
  9 killer bees
  5 howler monkeys
  9 electric eels
  12 orc priests
  6 jellies
  3 hounds
  A gnoll bouda (D:6)
  An iguana (D:5)
  22 orc wizards
  6 hell rats
  A mummy (D:7)
  18 adders
  15 gnolls
  2 river rats (Sewer)
  2 shadow imps (Gauntlet)
  2 white imps
  11 ufetubi
  4 dart slugs
  A ribbon worm (Sewer)
  73 orcs
  11 bats
  8 endoplasms
  6 giant cockroaches
  12 goblins
  12 hobgoblins
  4 jackals (D:4)
  34 kobolds
  5 quokkas
  16 ball pythons
  3 frilled lizards
  3 rats
  4 fire vortices (Hell)
2203 creatures vanquished.

Vanquished Creatures (collateral kills)
  Geryon (Hell)
  Norris (Vaults:4)
  A Tzitzimitl (Tar:4)
  A doom hound (Tar:4)
  A tainted leviathan (Tar:4)
  A lich (Vaults:1)
  A sphinx (Depths:2)
  Donald (Vaults:1)
  2 emperor scorpions (Spider:4)
  2 vault wardens
  A caustic shrike zombie (Hell)
  A juggernaut zombie (Hell)
  An orc warlord (Vaults:3)
  2 ghost moths (Spider:4)
  2 stone giants (Depths:2)
  A formless jellyfish (Vaults:2)
  2 ironbound preservers
  A deep elf demonologist (Elf:1)
  A vampire knight (Vaults:2)
  A fire dragon (Depths:2)
  A yaktaur captain (Vaults:2)
  2 entropy weavers
  2 great orbs of eyes
  An ice dragon (Depths:2)
  3 spriggan zombies (Hell)
  2 hydras (Swamp:4)
  2 vault guards (Vaults:5)
  2 alligators (Swamp:4)
  2 ironbound frosthearts
  3 two-headed ogres (Orc:2)
  2 centaur warriors (Vaults:1)
  A tengu warrior (Depths:1)
  A demonic crawler (Hell)
  3 deep elf knights (Elf:1)
  A hell knight (Depths:1)
  A soul eater (Hell)
  4 deep trolls
  A skeletal warrior (D:12)
  5 swamp dragons (Swamp:4)
  A spectral anaconda (Tar:4)
  An arcanist (Vaults:2)
  2 spriggan simulacra (IceCv)
  A lindwurm (Vaults:2)
  2 deep elf pyromancers (Elf:1)
  2 harpies (Vaults:2)
  4 ugly things
  3 deep elf zephyrmancers (Elf:1)
  2 vault sentinels
  2 rime drakes (Swamp:4)
  2 ice devils (IceCv)
  2 freezing wraiths
  2 yaktaurs (Vaults:4)
  2 trolls (Orc:2)
  3 hornets (Swamp:4)
  A jumping spider (Spider:4)
  A vampire (D:12)
  A water elemental (Depths:2)
  3 spriggans
  3 redbacks
  A hell hound (Hell)
  A swamp drake (Swamp:4)
  3 boggarts (Vaults:1)
109 creatures vanquished.

Vanquished Creatures (others)
  A bunyip (Swamp:1)
  A boulder beetle (Spider:3)
  A stoker (Hell)
  A spriggan (Swamp:3)
  2 deep trolls (Depths:2)
  A swamp dragon (Swamp:4)
  2 wolf spiders
  3 bloated husks
  A hornet (Swamp:3)
  A glass eye (Depths:2)
  2 water elementals (Depths:2)
  32 foxfires
  88 spectral weapons
136 creatures vanquished.

Grand Total: 2448 creatures vanquished

Notes
Turn   | Place    | Note
-------+----------+-------------------------------------------
     0 | D:1      | JaaP the Hill Orc Monk began the quest for the Orb.
     0 | D:1      | Reached XP level 1. HP: 19/19 MP: 1/1
    71 | D:1      | Reached XP level 2. HP: 27/27 MP: 2/2
   497 | D:1      | Reached skill level 4 in Fighting
   578 | D:1      | Reached XP level 3. HP: 29/33 MP: 3/3
  1150 | D:2      | Reached skill level 1 in Armour
  1182 | D:2      | You fall into a shaft and drop 1 floor!
  1288 | D:2      | Gained mutation: Your mind is acute. (Int +4, Str/Dex -1)
                  | [potion of mutation]
  1288 | D:2      | Gained mutation: Your natural rate of healing is unusually
                  | fast. [potion of mutation]
  1288 | D:2      | HP: 1/33 [poisoned by an adder]
  1440 | D:2      | Reached skill level 5 in Axes
  1440 | D:2      | Reached XP level 4. HP: 34/40 MP: 4/4
  1844 | D:2      | Found a faded altar of an unknown god.
  3515 | D:4      | Reached XP level 5. HP: 43/47 MP: 5/5
  3689 | D:4      | Found a glowing drain.
  3702 | Sewer    | Entered a sewer
  4257 | Sewer    | Reached XP level 6. HP: 46/55 MP: 3/6
  5308 | D:4      | Reached skill level 5 in Fighting
  5444 | D:4      | Noticed Grinder
  5455 | D:4      | Paralysed by Grinder for 3 turns
  5461 | D:4      | Killed Grinder
  5462 | D:4      | Reached XP level 7. HP: 46/61 MP: 7/7
  5949 | D:4      | Reached skill level 5 in Armour
  6186 | D:5      | Entered Level 5 of the Dungeon
  6200 | D:5      | Reached skill level 1 in Evocations
  6400 | D:5      | Reached XP level 8. HP: 67/69 MP: 8/8
  7566 | D:6      | Found the Hermit's Pendant {Faith Invo=14 Evo=0 MP+5}
  7930 | D:6      | Reached skill level 1 in Stealth
  8055 | D:6      | Reached skill level 6 in Fighting
  8597 | D:7      | Reached XP level 9. HP: 75/75 MP: 9/9
  8666 | D:7      | Found a flagged portal.
  8684 | Bailey   | Entered a bailey
  8843 | Bailey   | Identified the +0 kite shield of Vitsepug {Int+2}
  9036 | Bailey   | Reached skill level 1 in Shields
  9090 | Bailey   | Reached skill level 1 in Throwing
  9240 | D:7      | Found a staircase to the Ecumenical Temple.
  9314 | D:7      | Reached skill level 10 in Axes
  9329 | D:7      | Reached skill level 7 in Fighting
  9461 | Temple   | Entered the Ecumenical Temple
  9515 | Temple   | Became a worshipper of the Shining One
  9515 | Temple   | Reached * piety under the Shining One
  9515 | Temple   | Reached ** piety under the Shining One
 10444 | D:8      | Noticed a death yak
 10444 | D:8      | Noticed Grum
 10490 | D:8      | Noticed a gargoyle
 10500 | D:8      | Killed a gargoyle
 10521 | D:8      | Reached XP level 10. HP: 36/88 MP: 20/20
 10732 | D:8      | Reached *** piety under the Shining One
 10833 | D:8      | Noticed Pikel
 10838 | D:8      | Noticed a death yak
 10840 | D:8      | Noticed a death yak
 10842 | D:8      | Noticed a death yak
 10870 | D:8      | Noticed a death yak
 10873 | D:8      | Noticed a death yak
 11070 | D:9      | Found Gerouh's General Store.
 11076 | D:9      | Reached skill level 8 in Fighting
 11966 | D:10     | Entered Level 10 of the Dungeon
 11989 | D:10     | Reached skill level 1 in Invocations
 12095 | D:10     | Reached skill level 10 in Armour
 12109 | D:10     | Reached skill level 9 in Fighting
 12166 | D:10     | Reached XP level 11. HP: 97/97 MP: 21/21
 12240 | D:10     | Reached skill level 5 in Shields
 12295 | D:10     | Found an ornate altar of the Wu Jian Council.
 12552 | D:10     | Found a snail-covered altar of Cheibriados.
 12552 | D:10     | Found a blossoming altar of Fedhas.
 12553 | D:10     | Found a bloodstained altar of Trog.
 12884 | D:11     | Reached skill level 10 in Fighting
 12908 | D:11     | Reached **** piety under the Shining One
 12926 | D:11     | Noticed a two-headed ogre
 12935 | D:11     | Killed a two-headed ogre
 12959 | D:11     | Noticed a cyclops
 12971 | D:11     | Killed a cyclops
 13080 | D:11     | Reached skill level 11 in Fighting
 13178 | D:11     | Noticed a cyclops
 13185 | D:11     | Killed a cyclops
 13320 | D:11     | Found a staircase to the Orcish Mines.
 13594 | D:11     | Paralysed by a hornet for 2 turns
 13605 | D:11     | Reached XP level 12. HP: 103/110 MP: 22/22
 13816 | D:11     | Found a roughly hewn altar of Beogh.
 13886 | D:12     | Noticed a boulder beetle
 13886 | D:12     | Reached ***** piety under the Shining One
 13898 | D:11     | Killed a boulder beetle
 13906 | D:12     | Noticed a boulder beetle
 13916 | D:11     | Reached skill level 15 in Axes
 14081 | D:11     | Reached skill level 12 in Fighting
 14087 | D:11     | Killed a boulder beetle
 14224 | D:12     | Identified the +0 chain mail "Cuumu" {Str+7}
 14460 | D:12     | Noticed a great orb of eyes
 14469 | D:12     | Killed a great orb of eyes
 14532 | D:12     | Reached XP level 13. HP: 119/119 MP: 23/23
 14953 | D:12     | Reached skill level 13 in Fighting
 15712 | D:12     | Noticed a great orb of eyes
 15724 | D:12     | Killed a great orb of eyes
 15858 | D:12     | Noticed a great orb of eyes
 15866 | D:12     | Killed a great orb of eyes
 15870 | D:12     | Identified the amulet "Ijetes" {Reflect Will+ SH+5 Stlth+}
 15873 | D:12     | Identified a scroll of acquirement
 15873 | D:12     | Acquired 743 gold pieces
 16234 | D:13     | Found a gate to the Vaults.
 16321 | D:13     | Found a hide-covered altar of Uskayaw.
 16531 | D:13     | Reached skill level 14 in Fighting
 16618 | D:13     | Identified the +9 scimitar of Flawed Execution {flame,
                  | *Noise +Blink rN+++ Stlth+}
 17047 | D:14     | Reached skill level 1 in Maces & Flails
 17060 | D:14     | Reached XP level 14. HP: 132/132 MP: 17/17
 17733 | D:15     | Entered Level 15 of the Dungeon
 17742 | D:15     | Reached skill level 5 in Invocations
 18125 | D:8      | Killed Grum
 18196 | D:8      | Killed Pikel
 18201 | D:8      | Found a staircase to the Lair.
 18401 | Lair:1   | Entered Level 1 of the Lair of Beasts
 18401 | Lair:1   | Found a gate leading to a gauntlet.
 18407 | Gauntlet | Entered a Gauntlet
 18407 | Gauntlet | Found a transporter.
 18419 | Gauntlet | Found a transporter.
 18419 | Gauntlet | Found a transporter.
 18420 | Gauntlet | Found a transporter.
 18431 | Gauntlet | Found a transporter.
 18432 | Gauntlet | Found a transporter.
 18436 | Gauntlet | Found a transporter.
 18440 | Gauntlet | Found a transporter.
 18443 | Gauntlet | Found a transporter.
 18444 | Gauntlet | Found a transporter.
 18452 | Gauntlet | Found a transporter.
 18452 | Gauntlet | Noticed a reaper
 18455 | Gauntlet | Found a transporter.
 18456 | Gauntlet | Found a transporter.
 18460 | Gauntlet | Found a runed translucent door.
 18460 | Gauntlet | Noticed a dire elephant
 18462 | Gauntlet | Found a runed translucent door.
 18464 | Gauntlet | Found a transporter.
 18698 | Gauntlet | Reached skill level 15 in Fighting
 18823 | Gauntlet | Killed a reaper
 18824 | Gauntlet | Reached skill level 10 in Shields
 18866 | Gauntlet | Killed a dire elephant
 18908 | Gauntlet | Identified the amulet of Luezyuf {Spirit rPois Int+3 Dex-2
                  | SInv}
 18924 | Gauntlet | Identified the +0 pair of boots of the Dice {Str+3 Dex+2}
 18924 | Gauntlet | Identified the +1 scale mail of Xeamabb {rPois}
 18951 | Lair:1   | Noticed Joseph
 18957 | Lair:1   | Killed Joseph
 19009 | Lair:1   | Noticed Amaemon
 19031 | Lair:1   | Killed Amaemon
 19200 | Lair:1   | Reached skill level 16 in Fighting
 19200 | Lair:1   | Reached XP level 15. HP: 144/144 MP: 20/20
 19384 | Lair:1   | Identified the +2 spear of Niur {venom, rN++ Int-3}
 19860 | Lair:2   | Found a staircase to the Swamp.
 20485 | Lair:3   | Found a transporter.
 20600 | Lair:3   | Reached skill level 17 in Fighting
 20832 | Lair:3   | Found a transporter.
 21411 | Lair:3   | Reached skill level 5 in Maces & Flails
 21483 | Lair:3   | Found a hole to the Spider Nest.
 21812 | Lair:4   | Reached skill level 5 in Evocations
 22660 | Lair:5   | Entered Level 5 of the Lair of Beasts
 22678 | Lair:5   | Reached skill level 18 in Fighting
 22713 | Lair:5   | Reached XP level 16. HP: 140/157 MP: 22/22
 22770 | Lair:5   | Reached ****** piety under the Shining One
 22924 | Lair:5   | Found a staircase to the Slime Pits.
 22927 | Lair:5   | Found a viscous altar of Jiyva.
 23297 | Lair:5   | Reached skill level 19 in Fighting
 24029 | Orc:1    | Entered Level 1 of the Orcish Mines
 24413 | Orc:1    | Found a roughly hewn altar of Beogh.
 24500 | Orc:2    | Entered Level 2 of the Orcish Mines
 24518 | Orc:2    | Reached skill level 15 in Armour
 24582 | Orc:2    | Found a staircase to the Elven Halls.
 24938 | Orc:2    | Found Ipreirch's Magic Scroll Boutique.
 24941 | Orc:2    | Found Plog's Book Boutique.
 24995 | Orc:2    | Reached skill level 10 in Invocations
 25087 | Orc:2    | Found Orphed's Jewellery Emporium.
 25096 | Orc:2    | Found Pefuas's Jewellery Shop.
 25300 | Elf:1    | Entered Level 1 of the Elven Halls
 25535 | Elf:1    | Reached skill level 20 in Fighting
 25560 | Elf:1    | Reached XP level 17. HP: 43/170 MP: 10/24
 25861 | Elf:1    | Noticed a Hell Sentinel
 27356 | Spider:1 | Entered Level 1 of the Spider Nest
 27373 | Spider:1 | Noticed Roxanne
 27524 | Spider:1 | Noticed Louise
 27540 | Spider:1 | Killed Louise
 27815 | Spider:1 | Found a runed translucent door.
 27827 | Spider:1 | Reached skill level 5 in Throwing
 27861 | Spider:1 | Identified the +0 scale mail "Usefoj" {rN+ Regen+ Dex-3}
 28321 | Spider:1 | Noticed Tacit's ghost (journeyman GrMo)
 28373 | Spider:1 | Killed Tacit's ghost
 28468 | Spider:1 | Got the Discursus on Conjury
 28505 | Spider:1 | Killed Roxanne
 29208 | Spider:2 | Noticed JaaP's ghost (adept HOMo)
 29211 | Spider:2 | Found a runed translucent door.
 29260 | Spider:2 | Killed JaaP's ghost
 29756 | Spider:3 | Reached skill level 21 in Fighting
 29756 | Spider:3 | Reached XP level 18. HP: 179/182 MP: 27/27
 30186 | Spider:4 | Entered Level 4 of the Spider Nest
 31081 | Spider:4 | Got a gossamer rune of Zot
 31082 | Spider:4 | Identified the +0 hat of Responsibility {rC+ Will+ Int+3
                  | Dex+3}
 31314 | Swamp:1  | Entered Level 1 of the Swamp
 31503 | Swamp:1  | Found a glacial archway.
 31510 | IceCv    | Entered an ice cave
 32342 | IceCv    | Identified the death talisman "Bauxas" {rF- Will+ Str+3}
 32494 | IceCv    | Noticed an Ice Fiend
 32500 | IceCv    | Killed an Ice Fiend
 32512 | IceCv    | Reached skill level 22 in Fighting
 32734 | IceCv    | Identified the staff of Prudence {rN+ Int-3 Conj Earth}
 33378 | Swamp:1  | Reached XP level 19. HP: 134/191 MP: 29/29
 34455 | Swamp:3  | Found a runed translucent door.
 34456 | Swamp:3  | Noticed Goblin1989's ghost (adept DsAl)
 35501 | Swamp:3  | Killed Goblin1989's ghost
 35531 | Swamp:4  | Entered Level 4 of the Swamp
 35915 | Swamp:4  | Reached skill level 15 in Invocations
 36087 | Swamp:4  | Reached skill level 10 in Evocations
 36187 | Swamp:4  | Got a decaying rune of Zot
 36256 | Swamp:4  | Noticed Mlioglotl
 36270 | Swamp:4  | Killed Mlioglotl
 36960 | Vaults:1 | Entered Level 1 of the Vaults
 36960 | Vaults:1 | Found Epruof's Assorted Antiques.
 36963 | Vaults:1 | Bought a phantom mirror for 760 gold pieces
 37246 | Vaults:1 | Noticed Donald
 37261 | Vaults:1 | Killed Donald
 37329 | Vaults:1 | Reached XP level 20. HP: 157/202 MP: 31/31
 37957 | Vaults:1 | Noticed a dread lich
 37962 | Vaults:1 | Killed a dread lich
 38020 | Vaults:1 | Identified the amulet of the Endless Runes {Spirit Fly
                  | Will+}
 38025 | Vaults:1 | Reached skill level 23 in Fighting
 38026 | Vaults:1 | Identified the +5 great mace "Mysir" {venom, ^Drain Int+6}
 39171 | Vaults:2 | Found a staircase to the Crypt.
 40552 | Vaults:3 | Reached XP level 21. HP: 129/212 MP: 33/33
 40630 | Vaults:3 | Found Qusin's Magic Scroll Emporium.
 40673 | Vaults:3 | Bought a scroll of enchant armour for 157 gold pieces
 41209 | Vaults:3 | Reached skill level 24 in Fighting
 42380 | Vaults:4 | Noticed Zenata
 42390 | Vaults:4 | Killed Zenata
 42634 | Vaults:4 | Noticed Mara
 42637 | Vaults:4 | Noticed JaaP's illusion
 42648 | Vaults:4 | Killed Mara
 42672 | Vaults:4 | Noticed Norris
 42683 | Vaults:4 | Killed Norris
 42841 | Vaults:4 | Identified the +0 whip of Lequditu {chaos, ^Drain Str+4
                  | Int+6}
 43204 | Vaults:4 | Reached XP level 22. HP: 224/224 MP: 35/35
 43841 | Vaults:5 | Entered Level 5 of the Vaults
 43843 | Vaults:5 | Identified the +2 tower shield of the Bellicose God
                  | {*Corrode rElec Str+5}
 43992 | Vaults:5 | Reached skill level 25 in Fighting
 44001 | Vaults:5 | Was placed under penance by the Shining One
 44137 | Vaults:5 | Identified the staff of Sepoetot {rF+ Str+4 Dex+4 Conj}
 44257 | Vaults:5 | Noticed an ancient lich
 44266 | Vaults:5 | Killed an ancient lich
 44335 | Vaults:5 | Identified the +7 morningstar of Ogeotto {heavy, ^Fragile
                  | Dex+6}
 44412 | Vaults:5 | Found Neareixt's Distillery.
 44428 | Vaults:5 | Got Vehumet's Elucidation of Conjury
 44489 | Vaults:5 | Identified the +1 war axe "Sotrog" {vamp, ^Contam Will+
                  | Str+5}
 45053 | Vaults:5 | Reached XP level 23. HP: 201/234 MP: 36/36
 45171 | Vaults:5 | Noticed an ancient lich
 45180 | Vaults:5 | Killed an ancient lich
 45180 | Vaults:5 | Was forgiven by the Shining One
 45218 | Vaults:5 | Got a silver rune of Zot
 45304 | Vaults:5 | Noticed a golden dragon
 45309 | Vaults:5 | Killed a golden dragon
 46734 | Vaults:5 | Identified the staff "Qolloxysh" {^Fragile rElec rC+ Will+
                  | Hexes Ice}
 46776 | Vaults:5 | Identified the +1 scale mail of Suohuil {Harm rElec Int+3}
 47045 | Elf:2    | Found a crumbling gateway.
 47064 | Desolati | Entered the Desolation of Salt
 47176 | Desolati | Reached skill level 26 in Fighting
 47492 | Desolati | Identified the +6 scimitar "Xuasedgh" {freeze, rN+}
 47581 | Desolati | Identified the ring "Doats" {rElec rF- rN+ Will++ Dex-2}
 47583 | Desolati | Identified the amulet "Hiuff" {rF+ Regen+ Stlth+}
 47770 | Desolati | Identified the ring of Dihinnad {+Blink Str+6}
 47893 | Desolati | Got the Grimoire of Flammable Imprecation
 48261 | Elf:2    | Found a runed translucent gate.
 48261 | Elf:2    | Found a runed translucent gate.
 48477 | Elf:2    | Found a runed translucent gate.
 48608 | Elf:2    | Reached skill level 15 in Shields
 49045 | Elf:3    | Entered Level 3 of the Elven Halls
 49193 | Elf:3    | Reached XP level 24. HP: 247/247 MP: 36/36
 50059 | Elf:3    | Identified the +7 glaive of Grandeur {venom, rElec rF+
                  | Str-2}
 50103 | Elf:3    | Identified the +5 morningstar of Context {heavy, +Blink
                  | Int+2}
 50142 | Elf:3    | Identified the +6 dagger of Descent {drain, rElec Str+5
                  | Int-3}
 50187 | Elf:3    | Got the Compendium of the Helpful Anticline
 50230 | Elf:3    | Identified the +1 leather armour of Xom's Supremacy {Str+2}
 50614 | D:15     | Identified the +5 falchion "Qukai" {flame, rF+ Will+
                  | Stlth-}
 50752 | D:15     | Reached skill level 27 in Fighting
 51130 | D:15     | Found a staircase to the Depths.
 51240 | Depths:1 | Entered Level 1 of the Depths
 51573 | Depths:1 | Found a one-way gate leading to the halls of Pandemonium.
 51739 | Depths:1 | Found Lausay Sadeo's Assorted Antiques.
 51747 | Depths:1 | Bought a runed cloak for 195 gold pieces
 51847 | Depths:1 | Found a hazy altar of Hepliaklqana.
 51938 | Depths:1 | Found a gateway to Hell.
 52331 | Depths:2 | Reached XP level 25. HP: 231/257 MP: 36/36
 52717 | Depths:2 | Found Jeulerch's Magic Scroll Boutique.
 52790 | Depths:2 | Identified the +1 ring mail of Limited Liability {rElec
                  | rCorr Str+2 Slay+5}
 52808 | Depths:2 | Found a one-way gate to the infinite horrors of the Abyss.
 53448 | Depths:3 | Identified the +10 hand axe of Putrescence {flame, rCorr
                  | Str-2 Dex+2}
 54014 | Depths:3 | Found a shadowy altar of Dithmenos.
 54238 | Depths:3 | Reached skill level 10 in Throwing
 54299 | Depths:3 | Identified the +1 shortbow of the Hawk {freeze, *Corrode
                  | Str+3 Dex+2 Stlth+}
 55270 | Hell     | Entered the Vestibule of Hell
 55270 | Hell     | Noticed Geryon
 55281 | Hell     | Killed Geryon
 55377 | Hell     | Found a gateway to the decaying netherworld of Tartarus.
 55474 | Hell     | Found a gateway to the freezing wastes of Cocytus.
 55611 | Hell     | Found a gateway to the Iron City of Dis.
 55647 | Hell     | Reached XP level 26. HP: 209/266 MP: 37/37
 56121 | Hell     | Found a gateway to the ashen valley of Gehenna.
 56403 | Tar:1    | Entered Level 1 of Tartarus
 56444 | Tar:1    | Identified a +9 broad axe of holy wrath (a +8 spectral
                  | broad axe blessed by the Shining One)
 56444 | Tar:1    | Received a gift from the Shining One
 57057 | Tar:3    | Reached skill level 5 in Stealth
 58344 | Tar:5    | Found a runed translucent door.
 58354 | Tar:5    | Paralysed by a Zot trap for 3 turns
 58892 | Tar:6    | HP: 6/266 [poisoned by a putrid mouth (dark miasma)]
 58892 | Tar:6    | Constricted to death by a spectral nagaraja

Illustrated notes

Levels and vault maps discovered:
D:1:      lemuel_arrival_hallway, layout_rooms, minmay_tiny_reverse_x
D:2:      layout_basic, shapermc_ecumenical_altar_flowoftime,
          serial_bayou_pond_a, minmay_between
D:3:      layout_basic, kennysheep_nondescript, kennysheep_generic_room_14
D:4:      layout_basic, portal_sewer_entry_d, uniq_grinder
D:5:      layout_basic
D:6:      layout_basic
D:7:      layout_loops_ring, minmay_temple_entry_gardened_gates, enter_bailey_4,
          gup_ossuary_entry_pyramid
D:8:      layout_cave_pods, dpeg_lair_monsters, uniq_pikel, uniq_grum
D:9:      layout_roguey, serial_shops, nicolae_shop_just_a_little_nook
D:10:     layout_irregular_city, mainiacjoe_overflow_brackets,
          gammafunk_temple_overflow_claw, minivault_1, minmay_misc_feat_plants,
          minmay_misc_feat_four_crosses, glass_columns_b
D:11:     layout_roguey, minmay_orc_entry_temple_small, nicolae_fort_ynox
D:12:     regret_index_all_hallows'_manor, layout_basic, minmay_starry_boxes
D:13:     layout_loops_ring, david_vaults_2,
          nicolae_uskayaw_murder_on_the_dancefloor
D:14:     layout_basic, dreamdust_princess_corridor
D:15:     hangedman_depths_entry_try_elsewhere_first, layout_loops_ring,
          hex_medium, minmay_bent
Temple:   dpeg_five_rooms_temple
Lair:1:   layout_roguey, gauntlet_entry_generic, grunt_megastairs_4,
          uniq_joseph, uniq_amaemon
Lair:2:   cheibrodos_lair_river_kwai, layout_gridlike, minmay_swamp_entry_worms,
          evilmike_ambush [evilmike_ambush_outer_basic,
          evilmike_ambush_inner_wall_2]
Lair:3:   gammafunk_worm_tunnel, layout_gridlike, spider_nest_entry_funnel_web,
          pdpol_lair_cavern_descent, serial_bayou_shore_b, grunt_megastairs_1
Lair:4:   layout_cave_pods, minivault_25
Lair:5:   minmay_lair_end_frog_pond, layout_regular_city,
          nicolae_slime_entry_field_trip, chequers_serial_rivers_micro_e
Swamp:1:  layout_basic_swamp, portal_ice_cave_entry_pillars_three,
          nicolae_swamp_reclaimed_castle, nicolae_swamp_some_circles
Swamp:2:  layout_falls_marsh, infiniplex_staircase_pool
Swamp:3:  layout_basic_swamp, gammafunk_ghost_grave,
          nicolae_swamp_orc_logging_accident
Swamp:4:  swamp_alternative, layout_basic_swamp, uniq_mlioglotl
Spider:1: layout_spider_delve, ebering_ghost_reflecting_pool,
          hangedman_spider_trapstep, uniq_roxanne, uniq_louise
Spider:2: layout_spider_delve, hellmonk_ghost_happy_afterlife
Spider:3: layout_spider_delve, nicolae_spider_eight_legs
Spider:4: grunt_spider_rune_parallel, guppyfry_hornet_nest
Orc:1:    layout_caves, lightli_church_of_beogh
Orc:2:    st_orc_open, layout_caves
Elf:1:    eino_elf_arrival_shootout, layout_loops_corners,
          kennysheep_underground_church, serial_library_hellmonk_filled_rooms
Elf:2:    elven_hall_of_blades_hangedman_original [grunt_blade_entry_basic],
          layout_loops_cross, portal_desolation_entry_garden
Elf:3:    minmay_elf_hall_x, layout_loops_ring
Vaults:1: nicolae_vaults_mini_display_case, nicolae_vaults_little_squares_3,
          nicolae_vaults_you_can_take_it_with_you, nicolae_vaults_house_1,
          v_misc_22, nicolae_vaults_variable_pillar_hall,
          layout_vaults_omnigrid, serial_shops, shop, uniq_donald
Vaults:2: nicolae_vaults_antechamber_and_loot_room, v_misc_10,
          minmay_crypt_entry_vampire_xt, ontoclasm_vaults_eye,
          hangedman_vaults_variations, v_misc_32, v_alt_pattern_1,
          nicolae_vaults_theta, ontoclasm_vaults_pinch, v_misc_10,
          nicolae_vaults_house_1, v_alt_pattern_2, ontoclasm_vaults_hangar,
          layout_vaults_omnicross
Vaults:3: vaults_mumra_hex, v_misc_12, v_misc_23, grunt_vaults_twisty,
          nicolae_vaults_big_angled_halls, nicolae_vaults_wrenched,
          hangedman_vaults_hat, nicolae_vaults_more_shelving_1,
          nicolae_vaults_specimen_jars, nicolae_vaults_diagonal_hallway_8,
          nicolae_vaults_stand_back, nicolae_vaults_inception_statues,
          vaults_dpeg_encased_lava, nicolae_vaults_trapezoid_4,
          layout_vaults_omnibox, serial_shops, shop
Vaults:4: v_misc_13, v_misc_5, nicolae_vaults_windows_and_doors_thing,
          v_alt_pattern_6, v_rooms_5, nicolae_vaults_tetromino_T_1,
          nicolae_vaults_closet_pinwheel_1, ontoclasm_vaults_decontamination,
          layout_vaults_chaotic_city, uniq_zenata, uniq_mara, uniq_norris
Vaults:5
Depths:1: layout_cave_pools, lightli_too_deep, moated_statue, pan_entry,
          serial_shops, shop, nicolae_hepliaklqana_hippocampus
Depths:2: kennysheep_four_of_diamonds, layout_basic, hell_entry,
          grunt_pan_entry_zigzag, serial_shops, nicolae_shop_rolled_up,
          abyss_entry, minmay_staircase_windowed_small
Depths:3: regret_index_dithmenos_penumbral_divide, layout_gridlike,
          minmay_room_of_horrors, hell_entry
Hell
Tar:1:    layout_grid_maze
Tar:2:    layout_catacombs
Tar:3:    layout_cathedral_of_symmetry, nicolae_tar_spectre_spectrum
Tar:4:    layout_grid_maze, nicolae_tar_cuneiform_to_be
Tar:5:    nicolae_tar_ssshhh
Tar:6:    layout_catacombs

Skill      XL: |  1  2  3  4  5  6  7  8  9 10 11 12 13 14 15 16 17 18 19 20 21 22 23 24 25 26 |
---------------+-------------------------------------------------------------------------------+-----
Fighting       | 4 5 6 7 9 11 12 14 16 18 20 21 22 23 24 25 26 27 | 27.0
Armour         | 1 2 4 5 7 8 10 11 12 13 14 15 16 17 18 19 20 21 | 21.7
Axes           | 5 6 7 8 9 10 12 14 16 17 18 19 20 21 22 23 | 23.8
Dodging        | 3 4 |  4.6
Evocations     | 1 2 3 5 6 8 9 10 11 12 13 | 13.8
Stealth        | 1 2 5 |  5.0
Shields        | 3 4 6 7 8 10 11 13 15 16 18 20 | 20.2
Throwing       | 1 2 3 4 5 6 8 10 11 | 11.5
Invocations    | 1 4 6 8 10 12 14 15 17 18 19 20 | 20.5
Maces & Flails | 2 3 5 7 9 |  9.9

Action                     |  1- 3 |  4- 6 |  7- 9 | 10-12 | 13-15 | 16-18 | 19-21 | 22-24 | 25-27 || total
---------------------------+-------+-------+-------+-------+-------+-------+-------+-------+-------++-------
  Melee: Hand axe          |   103 |   285 |   361 |       |       |       |       |       |       ||   749
         War axe           |       |       |   152 |    93 |       |       |       |       |       ||   245
         Broad axe         |       |       |       |   416 |   547 |   811 |   725 |   848 |   678 ||  4025
         Morningstar       |       |       |       |       |    78 |    52 |    96 |     6 |       ||   232
  Throw: Boomerang         |       |       |    24 |    51 |    14 |    43 |    10 |    28 |       ||   170
         Dart              |       |       |       |     3 |     5 |     4 |       |       |       ||    12
         Javelin           |       |       |       |       |       |     2 |     4 |    10 |    12 ||    28
 Invoke: Divine Shield     |       |       |     1 |       |     1 |       |       |     2 |       ||     4
         Cleansing Flame   |       |       |       |     7 |     4 |     5 |    17 |    12 |    13 ||    58
         Summon Divine War |       |       |       |     1 |     1 |     6 |    10 |     4 |     4 ||    26
         Brand Weapon With |       |       |       |       |       |       |       |       |     1 ||     1
Ability: Evoke Blink       |       |       |       |       |       |       |       |     1 |       ||     1
  Evoke: Wand              |       |     2 |       |       |       |     3 |       |       |     1 ||     6
         Phial of floods   |       |       |       |       |       |       |     1 |     1 |     1 ||     3
         Condenser vane    |       |       |       |       |       |       |       |     2 |       ||     2
    Use: Potion            |     2 |       |       |     1 |     2 |     2 |     1 |       |     5 ||    13
         Scroll            |       |     5 |    10 |    10 |     8 |     9 |     3 |     4 |     3 ||    52
 Armour: Robe              |    66 |    57 |       |       |       |       |       |       |       ||   123
         Plate armour      |       |   205 |   407 |   391 |       |   307 |   548 |     3 |       ||  1861
         Chain mail        |       |       |       |    42 |   318 |    12 |       |       |       ||   372
         Skin              |       |       |       |       |       |    57 |       |       |       ||    57
         Crystal plate arm |       |       |       |       |       |       |       |   365 |   333 ||   698
         Fire dragon scale |       |       |       |       |       |       |       |       |    13 ||    13
  Dodge: Dodged            |    62 |   125 |   166 |   310 |   222 |   250 |   311 |   170 |    93 ||  1709
         Repelled          |       |       |     2 |     7 |    11 |    12 |     8 |    16 |     4 ||    60
  Block: Buckler           |       |       |       |   110 |    42 |       |       |       |       ||   152
         Kite shield       |       |       |       |       |   307 |   549 |   693 |   289 |       ||  1838
         Reflection        |       |       |       |       |    19 |     9 |    74 |    62 |    19 ||   183
         Tower shield      |       |       |       |       |       |       |       |   386 |   819 ||  1205
